 Dungeon Crawl Stone Soup version 0.27-a0-1579-g97d2440184 (webtiles) character file.

Game seed: 10700639410303416861

137 Sobieck the Caller (level 5, -3/31 HPs)
             Began as an Octopode Summoner on July 17, 2021.
             Slain by a river rat (8 damage)
             ... on level 4 of the Dungeon.
             The game lasted 00:08:08 (4300 turns).

Sobieck the Caller (Octopode Summoner)              Turns: 4300, Time: 00:08:09

Health: -3/31      AC:  1    Str:  7    XL:     5   Next: 20%
Magic:  1/9        EV: 13    Int: 19    God:
Gold:   204        SH:  0    Dex: 12    Spells: 3/9 levels left

rFire    + . .     SeeInvis .   b - +0 short sword {short}
rCold    . . .     Faith    .   (no shield)
rNeg     . . .     Spirit   .   (helmet restricted)
rPois    .         Reflect  .   (no amulet)
rElec    .         Harm     .   k - ring of protection from fire
rCorr    .         Rampage  .   (no ring)
Will     .....                  (no ring)
Stlth    +++.......             (no ring)
HPRegen  0.10/turn              (no ring)
MPRegen  0.11/turn              (no ring)
                                (no ring)
                                (no ring)

@: no status effects
A: almost no armour, amphibious, 8 rings, camouflage 1, gelatinous body 1,
(nimble swimmer 1), tentacles
a: no special abilities


You were on level 4 of the Dungeon.
You visited 1 branch of the dungeon, and saw 4 of its levels.

You collected 204 gold pieces.


Innate Abilities, Weirdness & Mutations

You cannot wear most types of armour.
You are amphibious.
You can wear up to eight rings at the same time.
Your skin changes colour to match your surroundings (Stealth+).
Your rubbery body absorbs attacks. (AC +1, EV +1)
((You are camouflaged near water. (Stealth+)))
You have tentacles for arms and can constrict up to eight enemies at once.


   Skills:
 + Level 2.9 Dodging
 + Level 4.1 Stealth
 + Level 2.7 Spellcasting
 * Level 5.0 Summonings


You had 3 spell levels left.
You knew the following spells:

 Your Spells              Type           Power      Damage    Failure   Level
a - Summon Small Mammal   Summ           84%        N/A       1%          1
b - Call Imp              Summ           21%        N/A       3%          2
c - Call Canine Familiar  Summ           21%        N/A       6%          3

Your spell library contained the following spells:

 Spells                   Type           Power      Damage    Failure   Level
 Summon Guardian Golem    Hex/Summ       12%        N/A       17%         3
 Ensorcelled Hibernation  Hex/Ice        4%         N/A       24%         2
 Spider Form              Tmut/Pois      1%         N/A       43%         3
 Summon Lightning Spire   Summ/Air       12%        N/A       50%         4
 Shadow Creatures         Summ           N/A        N/A       97%         6

Inventory:

Hand Weapons
 b - a +0 short sword (weapon) {short}
   (You took it off a kobold on level 1 of the Dungeon)
Missiles
 a - 59 stones {throwing}
 f - 28 arrows
 h - 53 bolts
Magical Staves
 p - a staff of air {!astaff}
   (You found it on level 3 of the Dungeon)
Jewellery
 k - a ring of protection from fire (left tentacle)
   (You found it on level 3 of the Dungeon)
Scrolls
 d - a scroll of fog
 n - a scroll of enchant armour {unknown}
Potions
 c - 2 potions of invisibility {unknown}
 e - a potion of attraction {unknown}
 g - a potion of curing {unknown}
 i - a potion of berserk rage {unknown}
 j - a potion of heal wounds {unknown}
 o - a potion of lignification {unknown}

Dungeon Overview and Level Annotations

Branches:
Dungeon (4/15)
 Temple: D:4-7

Altars:

Shops:
D:1 :   D:4 ?

Portals:
Sewer: D:4

Annotations:
D:3 exclusion: 2 downstairs
D:4 Sigmund

*,,,,,,.?#.# *,,,
*,#.#,*#.#.# ****
*,#.#.##.#.#
*,#.#.....>#
#***,#.####.###
#..,,#.## #.#
#...##..# #.#
***,#....5###h#
*,,,#≈5≈r@h§5.#
****#≈≈≈S.#####
#≈≈≈≈.# #∩≈≈≈≈#
#######***************
*,,,,,,,,,,,,,,,,,,
*******************


You could see a river rat (ally target), 2 jackals, a ball python and 3 friendly
crimson imps.


Message History

The adder bites your shadow imp.
Casting: Summon Small Mammal (safe; 1% risk of failure)
Confirm with . or Enter, or press ? or * to list all spells.
A beastly little devil appears in a puff of flame.
The jackal completely misses you. 😱 MP[-2]
You lost 2 mp, and now have 5/9 mp.
Unknown command.
You barely miss the jackal. You grab the jackal. You constrict the jackal.
The jackal bites you.
* * * LOW HITPOINT WARNING * * *
Your crimson imp hits the jackal.
The jackal closely misses you. 😱 HP[-1]
You take 1 damage, and now have 4/31 hp.
You release your grip on the jackal. 😱 MP[+1] Unknown command.
You hear the slow rusting of a distant drain.
Your crimson imp blinks!
The jackal barely misses you.
Unknown command.
The adder closely misses you. The adder barely misses you. 😱 HP[+1]
Casting: Call Imp (safe; 3% risk of failure)
Confirm with . or Enter, or press ? or * to list all spells.
A beastly little devil appears in a puff of flame.
The adder closely misses you.
Your crimson imp blinks! 😱 MP[-2]
You lost 2 mp, and now have 4/9 mp.
Unknown command.
You swap places.
Found an escape hatch in the floor.
The adder bites your crimson imp but does no damage.
Your crimson imp closely misses the adder. 😱 MP[+1]
The adder barely misses your crimson imp.
Your crimson imp hits the adder.
The adder barely misses your crimson imp. x2
Your crimson imp hits the adder.
A jackal comes into view.
The adder bites your crimson imp.
Something closely misses your crimson imp.
Your crimson imp hits the jackal but does no damage.
Your crimson imp misses the adder.
The adder barely misses your crimson imp.
Your crimson imp hits the adder.
The adder dies!
Your crimson imp hits the jackal.
The jackal dies! 😱 HP[+1] 😱 MP[+1]
A ball python and a river rat come into view.
Found a glowing drain.
A rat comes into view.
Casting: Call Imp (safe; 3% risk of failure)
Confirm with . or Enter, or press ? or * to list all spells.
A shadowy apparition takes form in the air. 😱 MP[-2]
You lost 2 mp, and now have 4/9 mp.
Unknown command.
Casting: Call Imp (safe; 3% risk of failure)
Confirm with . or Enter, or press ? or * to list all spells.
A metallic apparition takes form in the air. 😱 MP[-2]
You lost 2 mp, and now have 2/9 mp.
Unknown command.
Casting: Call Imp (safe; 3% risk of failure)
Confirm with . or Enter, or press ? or * to list all spells.
A beastly little devil appears in a puff of flame.
Your shadow imp hits the rat!
The rat dies! 😱 MP[-2]
You lost 2 mp, and now have 0/9 mp.
Unknown command.
You swap places.
Your shadow imp disappears in a puff of smoke!
Your crimson imp closely misses the river rat.
Your iron imp disappears in a puff of smoke!
The river rat barely misses you.
Your crimson imp hits the river rat. 😱 HP[+1] MP[+1]
You closely miss the river rat. You grab the river rat.
You constrict the river rat, but do no damage.
The river rat barely misses you.
The jackal closely misses your crimson imp.
Your crimson imp hits the river rat.
You hit the river rat but do no damage. You constrict the river rat.
The river rat bites you.
* * * LOW HITPOINT WARNING * * *
Your crimson imp blinks!
Your crimson imp hits the river rat but does no damage. 😱 HP[-2]
You take 2 damage, and now have 5/31 hp.
You completely miss the river rat. You constrict the river rat.
The river rat barely misses you. The ball python completely misses you.
The ball python barely misses you.
Your crimson imp hits the river rat but does no damage.
A jackal comes into view.
The river rat bites you!
You die...

Skill      XL: |  1  2  3  4 |
---------------+-------------+-----
Stealth        | 3 4 |  4.1
Summonings     | 5 |  5.0
Dodging        | |  2.9
Spellcasting   | |  2.7

Action                   |  1- 3 |  4- 6 || total
-------------------------+-------+-------++-------
Melee: Unarmed           |    15 |       ||    15
       Constrict         |    15 |    14 ||    29
       Tentacles         |     7 |     7 ||    14
       Short sword       |    59 |    49 ||   108
 Cast: Summon Small Mamm |    15 |     1 ||    16
       Call Imp          |     4 |    15 ||    19
  Use: Scroll            |       |     3 ||     3
 Stab: Sleeping          |    13 |     4 ||    17
       Distracted        |       |     1 ||     1
Armor: Skin              |     3 |     2 ||     5
Dodge: Dodged            |    35 |    55 ||    90

Levels and vault maps discovered:
D:1:      arrival_aquarium_b, layout_loops_corners, serial_shops, shop,
          shapermc_ecumenical_altar_totnotflames
D:2:      layout_loops_ring
D:3:      minmay_diamond_boxcup, layout_basic
D:4:      layout_basic, nicolae_dithmenos_the_darkroom, portal_sewer_entry_b,
          serial_shops, nicolae_stop_n_shop_1, uniq_sigmund, uniq_blork_the_orc

Notes
Turn   | Place    | Note
-------+----------+-------------------------------------------
     0 | D:1      | Sobieck the Octopode Summoner began the quest for the Orb.
     0 | D:1      | Reached XP level 1. HP: 11/11 MP: 3/3
     0 | D:1      | magus.rc [v1.9.6]
     3 | D:1      | Noticed an electric eel
     4 | D:1      | Noticed an electric eel
   225 | D:1      | Found a faded altar of an unknown god.
   577 | D:1      | Reached XP level 2. HP: 17/17 MP: 1/5
   680 | D:1      | Reached skill level 3 in Stealth
  1237 | D:1      | Learned a level 2 spell: Call Imp
  1503 | D:1      | Reached XP level 3. HP: 21/21 MP: 6/6
  1677 | D:1      | You pick up a book of Dreams and begin reading...
  1677 | D:1      | You add the spells Ensorcelled Hibernation, Spider Form and
                  | Shadow Creatures to your library.
  1782 | D:1      | Found Veakhis's Book Shoppe.
  2250 | D:2      | Learned a level 3 spell: Call Canine Familiar
  2974 | D:3      | Reached XP level 4. HP: 27/27 MP: 1/7
  4102 | D:3      | Reached skill level 4 in Stealth
  4107 | D:3      | Reached skill level 5 in Summonings
  4107 | D:3      | Reached XP level 5. HP: 24/31 MP: 4/9
  4173 | D:4      | Noticed an ice beast
  4173 | D:4      | Found Miepna's Magic Scroll Boutique.
  4239 | D:4      | Noticed Sigmund
  4263 | D:4      | HP: 7/31 [jackal (3)]
  4269 | D:4      | HP: 4/31 [jackal (1)]
  4291 | D:4      | Found a glowing drain.
  4299 | D:4      | HP: 5/31 [river rat (2)]
  4300 | D:4      | Slain by a river rat

Vanquished Creatures
  2 adders (D:3)
  An adder skeleton (D:4)
  A worm (D:2)
  4 dart slugs
  2 orcs (D:3)
  5 ball pythons
  3 endoplasms
  2 giant cockroaches
  8 goblins
  3 hobgoblins
  2 jackals
  4 quokkas
  5 bats
  3 frilled lizards
  2 kobolds
  5 rats
52 creatures vanquished.

Vanquished Creatures (collateral kills)
  An orc priest (D:3)
  An iguana (D:3)
  An adder (D:4)
  3 orcs (D:3)
  3 endoplasms
  A hobgoblin (D:3)
  3 jackals
  2 kobolds
  A ball python (D:1)
  2 rats
18 creatures vanquished.

Grand Total: 70 creatures vanquished

Table legend:
 A = Non-vault XP
 B = Vault XP
 C = Vault XP percentage of total XP
 D = Non-vault monster count
 E = Vault monster count
 F = Vault count percentage of total count
                 A         B        C        D         E       F
            +---------+---------+-------+---------+---------+-------
      Total |     170 |      27 |  13.7 |      61 |       9 |  12.9
            +---------+---------+-------+---------+---------+-------
        D:1 |      52 |       0 |   0.0 |      31 |       0 |   0.0
        D:2 |      21 |       0 |   0.0 |      11 |       0 |   0.0
        D:3 |      85 |      26 |  23.4 |      16 |       8 |  33.3
        D:4 |      12 |       1 |   7.7 |       3 |       1 |  25.0
            +---------+---------+-------+---------+---------+-------

Illustrated notes

Table legend:
 A = Kills in this place as a percentage of kills in entire the game.
 B = Kills by you in this place as a percentage of kills by you in the entire game.
 C = Kills by friends in this place as a percentage of kills by friends in the entire game.
 D = Other kills in this place as a percentage of other kills in the entire game.
 E = Experience gained in this place as a percentage of experience gained in the entire game.
 F = Experience gained in this place divided by the number of levels of this place that you have seen.
                   A       B       C       D       E      F
               +-------+-------+-------+-------+-------+----------------------
         Total | 100.0 | 100.0 | 100.0 |   N/A | 100.0 |  49.2
       Dungeon | 100.0 | 100.0 | 100.0 |   N/A | 100.0 |  49.2
               +-------+-------+-------+-------+-------+----------------------

Table legend: (Time is in decaauts)
 A = Elapsed time spent in this place.
 B = Non-inter-level travel time spent in this place.
 C = Inter-level travel time spent in this place.
 D = Time resting spent in this place.
 E = Time spent auto-exploring this place.
 F = Levels seen in this place.
 G = Mean time per level.
                   A        B        C        D        E       F      G
               +--------+--------+--------+--------+--------+-----+--------+
         Total |   4310 |   4218 |     92 |   1209 |   2472 |   4 | 1077.5 |
       Dungeon |   4310 |   4218 |     92 |   1209 |   2472 |   4 | 1077.5 |
               +--------+--------+--------+--------+--------+-----+--------+

Top non-repeatable levels by time:
     D:1: 1930 daAuts
     D:3: 1393 daAuts
     D:2: 899 daAuts
     D:4: 87 daAuts
